 Dungeon Crawl Stone Soup version 0.29-a0-772-ga24da20 (webtiles) character file.

Game seed: 8328897560223171526

25 AmazingTV the Shooter (level 3, 0/20 HPs)
             Began as a Kobold Arcane Marksman on July 1, 2022.
             Slain by a ball python (1 damage)
             ... on level 2 of the Dungeon.
             The game lasted 00:03:21 (956 turns).

AmazingTV the Shooter (Kobold Arcane Marksman)       Turns: 956, Time: 00:03:21

Health: 0/20       AC:  3    Str:  7    XL:     3   Next: 17%
Magic:  4/4        EV: 12    Int: 14    God:
Gold:   42         SH:  0    Dex: 17    Spells: 3/4 levels left

rFire   . . .      SeeInvis .   a - +0 sling
rCold   . . .      Faith    .   (no shield)
rNeg    . . .      Spirit   .   k - +1 robe {Archmagi}
rPois   .          Reflect  .   (no helmet)
rElec   .          Harm     .   (no cloak)
rCorr   .          Rampage  .   (no gloves)
Will    .....      Archmagi +   (no boots)
Stlth   +++.......              l - amulet of the acrobat
HPRegen 0.06/turn               (no ring)
MPRegen 0.09/turn               (no ring)

@: slowed, constricted, very slow
A: small, no large weapons, nightstalker 3
a: no special abilities


You were on level 2 of the Dungeon.
You visited 1 branch of the dungeon, and saw 2 of its levels.

You collected 42 gold pieces.

Inventory:

Hand Weapons
 a - a +0 sling (weapon)
Armour
 c - a +0 robe
 k - a +1 robe of the Archmagi (worn)
Jewellery
 l - an amulet of the acrobat (around neck)
Scrolls
 b - a scroll of vulnerability
 f - a scroll of amnesia {unknown}
 g - a scroll of teleportation {unknown}
 h - a scroll of noise {unknown}
Potions
 d - a potion of resistance {unknown}
 e - 3 potions of might {unknown}
 i - a potion of curing {unknown}
 j - a potion of brilliance {unknown}


   Skills:
 + Level 1.2 Fighting
 + Level 3.5 Ranged Weapons
 + Level 2.8 Dodging
 + Level 1.1 Spellcasting
 + Level 3.4 Hexes


You had 3 spell levels left.
You knew the following spells:

 Your Spells              Type           Power      Damage    Failure   Level
a - Slow                  Hex            60%        N/A       6%          1

Your spell library contained the following spells:

 Spells                   Type           Power      Damage    Failure   Level
 Inner Flame              Hex/Fire       8%         N/A       36%         3
 Portal Projectile        Hex/Tloc       16%        N/A       36%         3
 Cause Fear               Hex            7%         N/A       54%         4


Dungeon Overview and Level Annotations

Branches:
Dungeon (2/15)

Altars:

Annotations:
D:2 Jessica


Innate Abilities, Weirdness & Mutations

You are small and have problems with some larger weapons.
You are completely attuned to the shadows.


Message History

The ball python misses you. x2
Jessica casts a spell.
Jessica seems to speed up.
The ball python barely misses you. The ball python closely misses you.
You shoot a sling bullet. The sling bullet hits Jessica.
Jessica is moderately wounded.
Jessica closely misses you. The ball python barely misses you.
The ball python grabs you. The ball python constricts you.
Jessica points at you and mumbles some strange words.
You resist with some effort. The ball python barely misses you.
The ball python constricts you.
You shoot a sling bullet.
The sling bullet closely misses the ball python.
Jessica closely misses you.
Jessica points at you and mumbles some strange words.
Pain shoots through your body!
Ouch! That really hurt!
* * * LOW HITPOINT WARNING * * *
The ball python closely misses you. The ball python constricts you.
Jessica barely misses you. The ball python barely misses you.
The ball python constricts you.
* * * LOW HITPOINT WARNING * * *
Fire: a) +0 sling
Press: ? - help, Q - select action, (/) - cycle Shift-Dir - straight line, f - Jessica, p - ball python
Aim: Jessica, wielding a +0 club and wearing a +0 robe (moderately wounded, fast)
You shoot a sling bullet.
The sling bullet closely misses Jessica.
Jessica barely misses you.
The ball python bites you but does no damage.
The ball python constricts you. Jessica barely misses you.
The ball python barely misses you. The ball python constricts you.
Jessica hits you with a +0 club.
* * * LOW HITPOINT WARNING * * *
Fire: a) +0 sling
Press: ? - help, Q - select action, (/) - cycle Shift-Dir - straight line, f/p - Jessica
Aim: Jessica, wielding a +0 club and wearing a +0 robe (moderately wounded, fast)
You shoot a sling bullet.
The sling bullet closely misses Jessica.
Jessica barely misses you. The ball python bites you.
You die...

.. ...
########...
.......S...
...##..@....
...'....@...
.......#.....#.#
#....#.........#
#..........#...
#.
#........##...
..#+##.......#
..
........#....#
........+.....#


You could see Jessica (fast) and a ball python.

Vanquished Creatures
  3 endoplasms
  A giant cockroach (D:1)
  6 goblins
  A hobgoblin (D:1)
  4 ball pythons (D:1)
  A bat (D:1)
  2 frilled lizards (D:1)
  3 kobolds (D:1)
  3 rats (D:1)
24 creatures vanquished.

Notes
Turn   | Place    | Note
-------+----------+-------------------------------------------
     0 | D:1      | AmazingTV the Kobold Arcane Marksman began the quest for
                  | the Orb.
     0 | D:1      | Reached XP level 1. HP: 12/12 MP: 2/2
    67 | D:1      | Found a faded altar of an unknown god.
   203 | D:1      | Reached XP level 2. HP: 16/16 MP: 3/3
   595 | D:1      | Reached XP level 3. HP: 20/20 MP: 4/4
   948 | D:2      | Noticed Jessica
   955 | D:2      | HP: 1/20 [Jessica/+0 club (2)]
   956 | D:2      | Slain by a ball python

Illustrated notes

Levels and vault maps discovered:
D:1:      wander_arrival_lonely_grave, layout_loops_ring,
          hellmonk_ecumenical_altar_leap_of_faith, hangedman_glass_teeth
D:2:      layout_basic, uniq_natasha, uniq_jessica

Skill      XL: |  1  2 |
---------------+-------+-----
Ranged Weapons | 3 |  3.5
Fighting       | |  1.2
Dodging        | |  2.8
Spellcasting   | |  1.1
Hexes          | |  3.4

Action                   || total
-------------------------++-------
 Fire: Sling             ||    57
 Cast: Slow              ||     2
Armor: Robe              ||     4
Dodge: Dodged            ||    26

Table legend: (Time is in decaauts)
 A = Elapsed time spent in this place.
 B = Non-inter-level travel time spent in this place.
 C = Inter-level travel time spent in this place.
 D = Time resting spent in this place.
 E = Time spent auto-exploring this place.
 F = Levels seen in this place.
 G = Mean time per level.
                   A        B        C        D        E       F      G
               +--------+--------+--------+--------+--------+-----+--------+
         Total |    973 |    921 |     52 |      0 |    761 |   2 |  486.5 |
       Dungeon |    973 |    921 |     52 |      0 |    761 |   2 |  486.5 |
               +--------+--------+--------+--------+--------+-----+--------+

Top non-repeatable levels by time:
     D:1: 831 daAuts
     D:2: 141 daAuts
